 Dungeon Crawl Stone Soup version 0.20-a0-470-gbb038bd (webtiles) character file.

574 HarryHood the Skirmisher (level 7, -7/48 HPs)
             Began as a Gargoyle Fighter on Jan 14, 2017.
             Mangled by a mummy (12 damage)
             ... in an ossuary.
             The game lasted 00:09:30 (2259 turns).

HarryHood the Skirmisher (Gargoyle Fighter)         Turns: 2259, Time: 00:09:30

Health: -7/48      AC: 11    Str: 20    XL:     7   Next: 35%
Magic:  7/7        EV:  7    Int:  8    God:
Gold:   126        SH: 10    Dex: 11    Spells: 6/6 levels left

rFire  . . .     SeeInvis .     a - +1 flail
rCold  . . .     Gourm    .     b - +0 scale mail
rNeg   + . .     Faith    .     c - +1 shield
rPois  ∞         Spirit   .     (no helmet)
rElec  +         Reflect  .     (no cloak)
rCorr  .         Harm     .     (no gloves)
MR     .....                    (no boots)
Stlth  ..........               j - amulet of magic regeneration
                                (no ring)
                                (no ring)

@: flying
A: talons 1, negative energy resistance 1, electricity resistance, unbreathing,
petrification resistance, rot immunity, AC +4
a: no special abilities


You were in an ossuary.
You were not hungry.

You visited 1 branch of the dungeon, and saw 4 of its levels.
You also visited: Ossuary.

You collected 126 gold pieces.

Inventory:

Hand Weapons
 a - a +1 flail (weapon)
Armour
 b - a +0 scale mail (worn)
 c - a +1 shield (worn)
Jewellery
 j - an amulet of magic regeneration (around neck)
Scrolls
 k - a scroll of fog
 m - 2 scrolls of teleportation {@r0}
 o - 2 scrolls of remove curse {@r2}
Potions
 e - a potion of cure mutation
 l - a potion of ambrosia {unknown}
 p - a potion of curing {unknown}
 s - a potion of brilliance {unknown}
Comestibles
 f - 2 bread rations {@e1}
 r - 2 meat rations {@e1}
 t - 5 fruits {@e2}


   Skills:
 - Level 7.1 Fighting
 * Level 5.3 Maces & Flails
 - Level 3.2 Armour
 - Level 3.2 Shields


You had 6 spell levels left.
You didn't know any spells.

Dungeon Overview and Level Annotations

Branches:
Dungeon (4/15)
 Temple: D:4-7

Altars:


Innate Abilities, Weirdness & Mutations

You are resistant to torment.
Your stone body is resilient. (AC +4)
You are immune to poison.
You resist negative energy. (rN+)
You are resistant to electric shocks. (rElec)
You can survive without breathing.
You are immune to petrification.
You are immune to rotting.
You have sharp toenails.


Message History

You block the mummy's attack.
You barely miss the mummy. You claw the mummy, but do no damage.
The mummy is almost destroyed.
You block the mummy's attack. x2
It was a potion of cancellation.
Your magical effects are unravelling.
You feel magically purged.
The sentinel's mark upon you fades away.
You hear a distant blaring wail to the east.
It was a potion of flight.
You feel very buoyant.
You fly up into the air.
The mummy hits you.
* * * LOW HITPOINT WARNING * * *
The mummy hits you!
* * * LOW HITPOINT WARNING * * *
You barely miss the mummy. Your kick misses the mummy.
The mummy is almost destroyed.
The hobgoblin zombie moves out of view.
The goblin zombie moves out of view.
The mummy hits you!
You die...

..................#
..................#
......8..8........#
..................#
.######.^######...#
#.^# #...# #..#
#...#
#.####ZZ####.#...#
#.ZM@MZZ.....#...#
#.####Z......#...#
#.Z.....#...#
#.......#...#
#.∩.....#...#
....+####...# #...#
#...# ...# #...#
##############...#


You could see 2 mummies, a jackal zombie, a goblin zombie, 2 kobold zombies and
3 human zombies.

Vanquished Creatures
  Sigmund (D:2)
  Duvessa (D:4)
  Dowan (D:4)
  An orc priest (D:3)
  A hound (D:4)
  An orc wizard (D:3)
  Natasha (twice) (D:3)
  A mummy (D:4)
  Robin (D:2)
  2 adders (D:2)
  An adder skeleton (D:4)
  A worm (D:4)
  3 dart slugs (D:1)
  A leopard gecko (D:1)
  An orc (D:3)
  4 bats
  3 giant cockroaches
  11 goblins
  5 hobgoblins
  6 jackals
  4 kobolds
  A quokka (D:3)
  A frilled lizard (D:2)
  7 hobgoblin zombies (Ossuary)
  4 kobold zombies (Ossuary)
  6 orc zombies (Ossuary)
  5 rats
76 creatures vanquished.

Notes
Turn   | Place    | Note
-------+----------+-------------------------------------------
     0 | D:1      | HarryHood the Gargoyle Fighter began the quest for the Orb.
     0 | D:1      | Reached XP level 1. HP: 14/14 MP: 1/1
   276 | D:1      | Reached XP level 2. HP: 20/20 MP: 2/2
   326 | D:1      | Reached skill level 4 in Fighting
   643 | D:1      | Reached XP level 3. HP: 24/24 MP: 3/3
   984 | D:2      | Noticed Robin
   997 | D:2      | Reached skill level 5 in Fighting
  1016 | D:2      | Killed Robin
  1016 | D:2      | Reached XP level 4. HP: 19/31 MP: 4/4
  1243 | D:2      | Noticed Sigmund
  1250 | D:2      | Killed Sigmund
  1250 | D:2      | Reached skill level 7 in Fighting
  1250 | D:2      | Reached XP level 5. HP: 36/38 MP: 5/5
  1250 | D:2      | Reached XP level 6. HP: 42/44 MP: 6/6
  1767 | D:2      | Gained mutation: You have sharp toenails. [potion of beneficial mutation]
  1769 | D:3      | Noticed Natasha
  1777 | D:3      | Killed Natasha
  1784 | D:3      | Noticed Natasha
  1793 | D:3      | Killed Natasha
  1809 | D:3      | Found a faded altar of an unknown god.
  1834 | D:3      | Reached skill level 3 in Maces & Flails
  1856 | D:3      | You fall through a shaft!
  1975 | D:4      | Noticed Duvessa
  1975 | D:4      | Noticed Dowan
  2000 | D:4      | Killed Duvessa
  2000 | D:4      | Reached skill level 4 in Maces & Flails
  2000 | D:4      | Reached XP level 7. HP: 43/48 MP: 7/7
  2006 | D:4      | Killed Dowan
  2006 | D:4      | Reached skill level 5 in Maces & Flails
  2041 | D:4      | Found a sand-covered staircase.
  2150 | Ossuary  | Entered an ossuary
  2259 | Ossuary  | Mangled by a mummy

Vault maps used:
D:1:      dpeg_arrival_solitude
D:2:      kennysheep_generic_room_9, uniq_sigmund, uniq_robin
D:3:      first_bread, chequers_ecumenical_altar_island, grunt_ministairs_1,
          minmay_misc_feat_enclosed, goddamned_bats, uniq_natasha
D:4:      nicolae_ossuary_entry_giza, serial_shops, nicolae_shop_trees,
          item_on_display_a, uniq_crazy_yiuf_cottage, uniq_duvessa, uniq_edmund
Ossuary:  ossuary_tomb_1

Skill      XL: |  1  2  3  4  5  6  7 |
---------------+----------------------+-----
Fighting       | 4 5 7 |  7.1
Maces & Flails | 4 5 |  5.3
Armour         | |  3.2
Shields        | |  3.2

Action                   |  1- 3 |  4- 6 |  7- 9 || total
-------------------------+-------+-------+-------++-------
Melee: Flail             |   110 |    95 |    69 ||   274
       Kick              |       |    14 |    22 ||    36
  Use: Scroll            |     4 |     5 |       ||     9
       Potion            |       |     2 |     2 ||     4
  Eat: Chunk             |       |     4 |     1 ||     5
Armor: Scale mail        |    77 |    44 |    19 ||   140
Dodge: Dodged            |    40 |    19 |    15 ||    74
Block: Shield            |    77 |    59 |    23 ||   159
